 Dungeon Crawl Stone Soup version 0.24.0-123-gd5b16e6ec5 (webtiles) character file.

Game seed: 8270978584989107707, levelgen mode: deterministic

54 Locuples the Sneak (level 3, -1/21 HPs)
             Began as a Vampire Assassin on Feb 1, 2020.
             Slain by a leopard gecko (3 damage)
             ... on level 2 of the Dungeon.
             The game lasted 00:01:57 (1176 turns).

Locuples the Sneak (Vampire Assassin)               Turns: 1176, Time: 00:01:57

Health: -1/21      AC:  3    Str: 10    XL:     3   Next: 66%
Magic:  3/3        EV: 12    Int: 13    God:
Gold:   48         SH:  0    Dex: 16    Spells: 2/2 levels left

rFire    . . .     SeeInvis +   a - +2 dagger
rCold    + + .     Gourm    .   (no shield)
rNeg     + + +     Faith    .   b - +0 robe
rPois    ∞         Spirit   .   (no helmet)
rElec    .         Reflect  .   c - +0 cloak
rCorr    .         Harm     .   (no gloves)
MR       .....                  (no boots)
Stlth    ++++++....             (no amulet)
HPRegen  0.00/turn              (no ring)
MPRegen  0.08/turn              (no ring)

@: bloodless
A: no food, fangs 3, see invisible, unbreathing
a: Bat Form, Revivify


You were on level 2 of the Dungeon.
You were bloodless.

You visited 1 branch of the dungeon, and saw 2 of its levels.

You collected 48 gold pieces.

Inventory:

Hand Weapons
 a - a +2 dagger (weapon)
Missiles
 d - 8 poisoned darts (quivered)
 e - 2 curare-tipped darts
Armour
 b - a +0 robe (worn)
 c - a +0 cloak (worn)
Scrolls
 g - a scroll of noise {unknown}
 h - 2 scrolls of teleportation {unknown}
 i - a scroll of fear {unknown}
 j - a scroll of remove curse {unknown}
 k - a scroll of amnesia {unknown}
Potions
 f - a potion of heal wounds {unknown}
 l - a potion of brilliance {unknown}


   Skills:
 - Level 1.7 Fighting
 + Level 2.5 Short Blades
 - Level 1.5 Throwing
 - Level 1.1 Dodging
 * Level 7.9 Stealth


You had 2 spell levels left.
You didn't know any spells.
Your spell library was empty.

Dungeon Overview and Level Annotations

Branches:
Dungeon (2/15)

Altars:


Innate Abilities, Weirdness & Mutations

You do not eat.
You do not regenerate when monsters are visible.
You are frail without blood (-20% HP).
You can heal yourself when you bite living creatures.
You are immune to poison.
You have razor-sharp teeth.
You have supernaturally acute eyesight. (SInv)
You can survive without breathing.


Message History

You barely miss the leopard gecko.
The leopard gecko is lightly wounded.
The leopard gecko misses you.
You barely miss the leopard gecko.
The leopard gecko is lightly wounded.
The leopard gecko completely misses you.
You miss the leopard gecko.
The leopard gecko is lightly wounded.
The leopard gecko bites you.
You hit the leopard gecko.
The leopard gecko is moderately wounded.
The leopard gecko bites you.
* * * LOW HITPOINT WARNING * * *
You hit the leopard gecko but do no damage.
The leopard gecko is moderately wounded.
The leopard gecko closely misses you.
You closely miss the leopard gecko.
The leopard gecko is moderately wounded.
The leopard gecko bites you.
You die...

K# #### ###.# ###
##≈≈≈≈ .(. #.###≈≈≈≈≈
$.. #...(...?≈ #.#
#(?.......
#.####.#.....≈≈.. #
#<.....#....≈..≈≈
#.#.#########....≈....
#....@l...........≈≈⌠.
#.#.###............⌠≈≈
.. #.......$.≈≈.... ##
#........≈$.≈≈.
#........≈....≈
#.........≈≈...
#.?........≈≈..
#.......###≈≈≈


You could see a leopard gecko.

Vanquished Creatures
  2 oozes
  2 dart slugs (D:1)
  5 bats (D:1)
  4 giant cockroaches
  6 goblins
  A hobgoblin (D:1)
  5 jackals (D:1)
  5 kobolds
  2 ball pythons
  A frilled lizard (D:1)
  4 rats (D:1)
37 creatures vanquished.

Notes
Turn   | Place    | Note
-------+----------+-------------------------------------------
     0 | D:1      | Locuples the Vampire Assassin began the quest for the Orb.
     0 | D:1      | Reached XP level 1. HP: 16/16 MP: 1/1
    45 | D:1      | Reached skill level 6 in Stealth
    59 | D:1      | Reached XP level 2. HP: 17/17 MP: 2/2
   123 | D:1      | Reached skill level 7 in Stealth
   614 | D:1      | Reached XP level 3. HP: 15/21 MP: 3/3
  1176 | D:2      | Slain by a leopard gecko

Levels and vault maps discovered:
D:1:      minmay_arrival_loop, layout_basic
D:2:      cheibrodos_helix_gallery, layout_basic

Skill      XL: |  1  2 |
---------------+-------+-----
Stealth        | 6 7 |  7.9
Fighting       | |  1.7
Short Blades   | |  2.5
Throwing       | |  1.5
Dodging        | |  1.1

Action                   || total
-------------------------++-------
Melee: Dagger            ||   115
       Bite              ||     7
 Abil: Exsanguinate      ||     1
 Stab: Sleeping          ||    18
Armor: Robe              ||    27
Dodge: Dodged            ||    73
